 Dungeon Crawl Stone Soup version 0.19.5 (webtiles) character file.

1180 RaHiT the Thaumaturge (level 8, -3/52 HPs)
             Began as a Mummy Conjurer on Apr 14, 2017.
             Was an Initiate of Vehumet.
             Slain by an orc warrior
             ... wielding a +0 mace
              (13 damage)
             ... on level 6 of the Dungeon.
             The game lasted 00:27:54 (6902 turns).

RaHiT the Thaumaturge (Mummy Conjurer)              Turns: 6902, Time: 00:27:55

Health: -3/52      AC:  5    Str: 12    XL:     8   Next: 18%
Magic:  8/20       EV: 12    Int: 16    God:    Vehumet [......]
Gold:   274        SH:  0    Dex: 12    Spells: 4 memorised, 11 levels left

rFire  x . .     SeeInvis .     d - +0 spear
rCold  + . .     Gourm    .     a - +0 robe
rNeg   + + +     Faith    .     (no shield)
rPois  ∞         Spirit   .     h - +2 hat
rElec  .         Reflect  .     c - +0 cloak
rCorr  .         Harm     .     (no gloves)
MR     +....                    (no boots)
Stlth  ++........               (no amulet)
                                (no ring)
                                (no ring)

@: no status effects
A: no food or potions, fire vulnerability, cold resistance 1, negative energy
resistance 3, torment resistance, unbreathing
a: Renounce Religion


You were on level 6 of the Dungeon.
You worshipped Vehumet.
Vehumet was noncommittal.
You were not hungry.

You visited 2 branches of the dungeon, and saw 7 of its levels.

You collected 298 gold pieces.
You spent 24 gold pieces at shops.

Inventory:

Hand Weapons
 d - a +0 spear (weapon)
 g - a +0 short sword of venom
 j - a +2 falchion of electrocution
Missiles
 p - 5 javelins (quivered)
Armour
 a - a +0 robe (worn)
 c - a +0 cloak (worn)
 h - a +2 hat (worn)
 k - a +1 ring mail of cold resistance
Wands
 l - a wand of iceblast (4/15)
Scrolls
 e - 3 scrolls of teleportation
 f - a scroll of identify
 i - a scroll of magic mapping
 m - a scroll of remove curse
 n - a scroll of enchant armour
 o - a scroll of fear
 q - a scroll of recharging {unknown}
 r - a scroll of noise
Books
 b - a book of Conjurations

   Spells                             Type                      Level
   a - Magic Dart                     Conjuration                  1
   b - Searing Ray                    Conjuration                  2
   c - Dazzling Spray                 Conjuration/Hexes            3
   d - Fulminant Prism                Conjuration/Hexes            4
   e - Iskenderun's Mystic Blast      Conjuration                  4
   f - Iskenderun's Battlesphere      Conjuration/Charms           5


   Skills:
 - Level 1.5 Dodging
 - Level 1.5 Stealth
 * Level 8.2 Spellcasting
 - Level 5.0 Conjurations


You had 11 spell levels left.
You knew the following spells:

 Your Spells              Type           Power        Failure   Level  Hunger
a - Magic Dart            Conj           ###.         1%          1    N/A
b - Iskenderun's Mystic   Conj           ###.....     14%         4    N/A
c - Iskenderun's Battles  Conj/Chrm      ##......     91%         5    N/A
q - Searing Ray           Conj           ###...       1%          2    N/A

Dungeon Overview and Level Annotations

Branches:
Dungeon (6/15)             Temple (1/1) D:6

Altars:
Cheibriados
Dithmenos
Elyvilon
Fedhas
Gozag
Hepliaklqana
Kikubaaqudgha
Makhleb
Nemelex Xobeh
Okawaru
Qazlal
Ru
Sif Muna
Trog
Uskayaw
Vehumet
Xom
Yredelemnul
Zin
The Shining One

Shops:
D:5 ?

Annotations:
D:5 Prince Ribbit


Innate Abilities, Weirdness & Mutations

You do not eat or drink.
Your flesh is vulnerable to fire.
You are immune to poison.
Your flesh is cold resistant. (rC+)
You are immune to negative energy. (rN+++)
You are immune to unholy pain and torment.
You can survive without breathing.


Message History

The searing ray hits the orc warrior.
The orc warrior is moderately wounded.
The orc warrior barely misses you.
The searing ray hits the orc warrior.
The orc warrior is severely wounded.
You finish channeling your searing ray.
The orc warrior hits you with a mace.
Casting: Searing Ray
Confirm with . or Enter, or press ? or * to list all spells.
Aiming: Searing Ray
Press: ? - help, Shift-Dir - straight line, f/p - orc warrior
Aim: an orc warrior, wielding a mace and wearing a chain mail (severely wounded)
The searing ray hits the orc warrior.
The orc warrior is almost dead. (Press . to maintain the ray.)
The orc warrior hits you with a mace!
* * * LOW HITPOINT WARNING * * *
The searing ray hits the orc warrior.
The orc warrior is almost dead.
The orc warrior hits you with a mace!
You die...

♣.>..'.#.#####.
♣...♣###.z...#. #♣♣♣#
#####.#. ### #.#. #.#
#.#.## # #.# #.#..# .#
#.# #.##.# #.#
#.#########.##.#...
#.....o@....##<#.#.#..
####.##.<.....))......
#.########..#.#.#.# #.#
#.##... #.# #.# #.# #.#
#.# .# # ##.########.# #
.#.#########...........#
......†.......##########


You could see an orc warrior.

Vanquished Creatures
  Eustachio (D:5)
  A water moccasin (D:5)
  A sky beast (D:5)
  A scorpion (D:5)
  2 wights (D:6)
  2 crimson imps (D:5)
  2 hounds
  2 jellies (D:6)
  A centaur skeleton (D:6)
  2 orc priests
  An orc wizard (D:3)
  An iguana (D:6)
  2 worker ants
  A hound skeleton (D:5)
  4 gnolls (D:5)
  2 worker ant zombies
  10 adders
  2 oozes
  An adder zombie (D:6)
  An adder skeleton (D:4)
  2 worms
  5 dart slugs
  3 leopard geckos
  20 orcs
  2 ball pythons
  7 giant cockroaches
  12 goblins
  8 hobgoblins
  5 jackals
  3 quokkas
  13 bats
  2 frilled lizards
  7 kobolds
  8 rats
137 creatures vanquished.

Notes
Turn   | Place    | Note
-------+----------+-------------------------------------------
     0 | D:1      | RaHiT the Mummy Conjurer began the quest for the Orb.
     0 | D:1      | Reached XP level 1. HP: 13/13 MP: 3/3
   348 | D:1      | Reached XP level 2. HP: 19/19 MP: 2/5
   352 | D:1      | Learned a level 2 spell: Searing Ray
   469 | D:1      | Reached skill level 3 in Spellcasting
   791 | D:1      | Reached XP level 3. HP: 24/24 MP: 5/7
  1528 | D:2      | Reached skill level 4 in Spellcasting
  1565 | D:2      | Reached XP level 4. HP: 30/30 MP: 2/10
  1647 | D:2      | Learned a level 4 spell: Iskenderun's Mystic Blast
  1784 | D:2      | Found a stormy altar of Qazlal.
  1785 | D:2      | Found a basalt altar of Yredelemnul.
  2748 | D:3      | Reached XP level 5. HP: 34/35 MP: 4/12
  2927 | D:3      | Reached skill level 5 in Spellcasting
  3398 | D:3      | Found a sacrificial altar of Ru.
  3561 | D:3      | Learned a level 5 spell: Iskenderun's Battlesphere
  3928 | D:4      | Reached XP level 6. HP: 28/41 MP: 8/13
  4394 | D:5      | Entered Level 5 of the Dungeon
  4394 | D:5      | Noticed Prince Ribbit
  4642 | D:5      | Reached skill level 5 in Conjurations
  4935 | D:5      | Reached XP level 7. HP: 46/46 MP: 8/15
  5378 | D:5      | Reached skill level 6 in Spellcasting
  5496 | D:5      | Noticed Eustachio
  5590 | D:5      | Killed Eustachio
  5802 | D:5      | Reached skill level 7 in Spellcasting
  5964 | D:5      | Found a hazy altar of Hepliaklqana.
  6011 | D:5      | Found Nisix's Magic Scroll Shoppe.
  6014 | D:5      | Bought a scroll of random uselessness for 12 gold pieces
  6014 | D:5      | Bought a scroll of noise for 12 gold pieces
  6331 | D:6      | Found a staircase to the Ecumenical Temple.
  6337 | D:6      | Reached XP level 8. HP: 52/52 MP: 14/19
  6342 | Temple   | Entered the Ecumenical Temple
  6495 | Temple   | Became a worshipper of Vehumet
  6664 | D:6      | Reached skill level 8 in Spellcasting
  6902 | D:6      | Slain by an orc warrior

Skill      XL: |  1  2  3  4  5  6  7  8 |
---------------+-------------------------+-----
Spellcasting   | 3 4 5 7 8 |  8.2
Conjurations   | 4 5 |  5.0
Dodging        | |  1.5
Stealth        | |  1.5

Action                   |  1- 3 |  4- 6 |  7- 9 || total
-------------------------+-------+-------+-------++-------
Melee: Unarmed           |     4 |       |       ||     4
       Spear             |    32 |    83 |    26 ||   141
 Cast: Magic Dart        |    47 |    77 |    17 ||   141
       Searing Ray       |     7 |    38 |    32 ||    77
  Use: Scroll            |       |     2 |     3 ||     5
 Stab: Sleeping          |     1 |     1 |     1 ||     3
Armor: Robe              |    15 |    35 |    18 ||    68
Dodge: Dodged            |    24 |    72 |    38 ||   134
